 Dungeon Crawl Stone Soup version 0.31-a0-1499-ge0622b2318 (webtiles) character file.

Game seed: 2448595016265403986

18165 Xavori the Nimble (level 12, -2/79 HPs)
             Began as a Djinni Chaos Knight on Dec 30, 2023.
             Was a Plaything of Xom.
             Slain by a komodo dragon (24 damage)
             ... on level 1 of the Lair of Beasts.
             The game lasted 00:20:38 (14437 turns).

Xavori the Nimble (Djinni Chaos Knight)            Turns: 14437, Time: 00:20:39

Health: -2/79      AC: 14    Str: 11    XL:     12   Next: 91%
Gold:   379        EV: 16    Int: 14    God:    Xom [*.....] SH:  6 Dex: 22

rFire   + + +        S - +3 scimitar (flame)
rCold   . . .        M - +0 buckler
rNeg    . . .        E - +0 ring mail "Cainex" {Regen+ Str-4 Slay+3}
rPois   ∞            (no helmet)
rElec   .            m - +2 cloak {rCorr}
rCorr   +            (no gloves)
SInv    .            (boots unavailable)
Will    +++..        Q - amulet "Hatufewk" {rC+ Regen+}
Stlth   +            t - ring of protection from fire
HPRegen 1.93/turn    L - +6 ring of dexterity
MPRegen 0.00/turn

%: infuse magic (-3 HP)
@: flying
A: sickness immunity, fire resistance 2, cold vulnerability 1, float, innate
caster, HP casting, extra vitality 1, iridescent scales 2, frail 1,
strong-willed 2, strong 1
a: Renounce Religion


You were on level 1 of the Lair of Beasts.
You worshipped Xom.
You were a special plaything of Xom.
You visited 2 branches of the dungeon, and saw 12 of its levels.
You visited 1 bazaar.

You collected 1533 gold pieces.
You spent 1154 gold pieces at shops.

Inventory:

Hand Weapons
 a - a +0 falchion of chaos
 G - a +3 great sword
 I - a +3 long sword
 S - a +3 scimitar of flaming (weapon)
Missiles
 B - 2 atropa-tipped darts
Armour
 m - a +2 cloak of preservation (worn)
 E - the +0 ring mail "Cainex" (worn) {Regen+ Str-4 Slay+3}
   (You found it on level 8 of the Dungeon)

   Str-4:     It affects your strength (-4).
   Slay+3:    It affects your accuracy & damage with ranged weapons and melee
   (+3).
   Regen+:    It increases your rate of health regeneration.
 M - a +0 buckler (worn)
 N - a +0 scale mail
Jewellery
 t - a ring of protection from fire (left hand)
 H - a ring of fire
 L - a +6 ring of dexterity (right hand)
 Q - the amulet "Hatufewk" (around neck) {rC+ Regen+}
   (You acquired it in a bazaar)

   [amulet of regeneration]

   rC+:       It protects you from cold.
   Regen+:    It increases your rate of health regeneration.
Wands
 e - a wand of polymorph (12)
 q - a wand of flame (23)
 u - a wand of roots (6)
 v - a wand of mindburst (16)
 y - a wand of charming (10)
 A - a wand of digging (7)
 F - a wand of light (15)
Scrolls
 c - a scroll of butterflies
 h - 2 scrolls of revelation
 i - 3 scrolls of fear
 l - a scroll of blinking
 o - a scroll of brand weapon
 w - a scroll of noise
 z - 2 scrolls of poison
 K - 2 scrolls of teleportation
 P - 2 scrolls of identify
Potions
 b - a potion of berserk rage {unknown}
 d - 2 potions of cancellation
 f - 11 potions of haste
 g - a potion of heal wounds
 j - 2 potions of enlightenment {unknown}
 k - 2 potions of degeneration {unknown}
 n - 3 potions of curing
 p - 4 potions of brilliance {unknown}
 r - 3 potions of lignification {unknown}
 s - a potion of ambrosia {unknown}
 x - 4 potions of mutation
 C - 2 potions of magic {unknown}
 D - a potion of invisibility {unknown}
 J - a potion of resistance {unknown}
 R - a potion of attraction {unknown}
Miscellaneous
 O - a condenser vane (inert)


   Skills:
 + Level 8.5 Fighting
 + Level 7.8 Long Blades
 + Level 8.0 Armour
 + Level 9.0 Dodging
 + Level 5.0 Shields
 * Level 8.7 Spellcasting
 * Level 8.7 Conjurations
 * Level 8.7 Hexes
 * Level 8.7 Summonings
 * Level 8.7 Necromancy
 * Level 8.7 Translocations
 * Level 8.7 Fire Magic
 * Level 8.7 Ice Magic
 * Level 8.7 Air Magic
 * Level 8.7 Earth Magic
 * Level 8.7 Alchemy
 + Level 3.9 Evocations


You knew the following spells:

 Your Spells              Type           Power      Damage    Failure   Level
a - Apportation           Tloc           60%        N/A       1%          1
b - Lesser Beckoning      Tloc           60%        N/A       1%          2
c - Swiftness             Air            30%        N/A       2%          3
d - Petrify               Alch/Erth      30%        N/A       10%         4
e - Animate Dead          Necr           30%        N/A       10%         4
Your spell library was empty.

Dungeon Overview and Level Annotations

Branches:
Dungeon (11/15)            Temple (0/1) D:5            Lair (1/5) D:11
    Orc (0/2) D:11

Altars:
Elyvilon
Gozag
Wu Jian
Xom

Shops:
D:4 !   D:8 *

Annotations:
D:10 exclusion: obsidian statue


Innate Abilities, Weirdness & Mutations

You are immune to sickness and miasma.
You are immune to poison.
Your flesh is very heat resistant. (rF++)
You are vulnerable to cold. (rC-)
You float through the air rather than walking.
You learn spells naturally, not from books.
Your magical power is your life essence.
You have superior vitality. (+4 MHP)
You are mostly covered in iridescent scales. (AC +4)
You are frail. (-10% HP)
You are highly strong-willed. (Will++)
Your muscles are strong. (Str +4, Int/Dex -1)


Message History

You hit the cane toad. You burn the cane toad.
You kill the cane toad!
Something bites the yak.
The yak gores the yak!
Xom is highly amused!
The yak gores itself!
The yak is killed!
Something barely misses the cane toad.
You slash the yak! You burn the yak.
The yak is severely wounded.
The yak gores the cane toad!
The yak gores you.
* * * LOW HITPOINT WARNING * * *
You slash the yak! You burn the yak.
You kill the yak!
Unknown command.
Found 8 stones.
You start resting.
A cane toad is nearby!
You slash the cane toad! You burn the cane toad.
The cane toad is severely wounded.
You block the cane toad's attack.
You hit the cane toad. You burn the cane toad.
The cane toad is severely wounded.
The cane toad misses you.
You hit the cane toad. You burn the cane toad.
The cane toad is almost dead.
You block the cane toad's attack.
You closely miss the cane toad.
The cane toad is almost dead.
The cane toad stings you.
A komodo dragon comes into view.
The cane toad stings you!
* * * LOW HITPOINT WARNING * * *
You slash the cane toad! You burn the cane toad.
You kill the cane toad!
Your Armour skill increases to level 8!
Your Dodging skill increases to level 9!
Your Shields skill increases to level 5!
You barely miss the komodo dragon. The komodo dragon bites you!!
You die...
Xom cackles wildly!

##.#......#...#
#.^........#
#...#Y...§#
#.k#.....##
#####...)........
##P##FY#.#...##...
#.☼...######.../..
###l##.## .##...
#.(@#### ## =
#..## #.. ...#
.... .....P ##.(.#
#..#


You could see a komodo dragon.

Vanquished Creatures
  The ghost of grandjackal the Fighter, a journeyman DsGl of Gozag (D:11)
  3 two-headed ogres
  2 manticores (D:11)
  2 black mambas
  2 slime creatures (D:11)
  A gargoyle (D:11)
  2 cane toads (Lair:1)
  A rime drake (D:11)
  An unseen horror (D:11)
  An efreet (D:11)
  3 hornets
  A raiju (D:6)
  4 blink frogs (Lair:1)
  A raiju (shapeshifter) (D:11)
  4 wyverns
  A basilisk (Lair:1)
  24 yaks
  2 steam dragons (D:7)
  2 acid dragons
  2 water moccasins
  An orc warrior (D:9)
  A sky beast (D:8)
  3 ogres
  5 ice beasts
  An ogre (shapeshifter) (D:8)
  A wolf (D:11)
  A boggart (D:6)
  3 centaurs
  3 kobold brigands
  A phantom (D:5)
  A bullfrog (D:9)
  3 gnoll sergeants
  2 scorpions
  14 wights
  11 killer bees
  3 howler monkeys
  A jelly (D:6)
  6 hounds
  4 orc priests
  A gnoll bouda (D:9)
  2 iguanas
  8 orc wizards
  Ijyb (D:3)
  12 adders
  19 gnolls
  3 shadow imps
  2 ribbon worms
  2 white imps
  2 ufetubi (D:5)
  4 dart slugs
  26 orcs
  4 endoplasms
  3 giant cockroaches
  10 goblins
  6 hobgoblins
  7 jackals
  23 kobolds
  A quokka (shapeshifter) (D:1)
  5 quokkas
  5 ball pythons
  5 bats
  A frilled lizard (D:3)
  2 rats
279 creatures vanquished.

Vanquished Creatures (collateral kills)
  Erolcha (D:11)
  A centaur warrior (D:11)
  Duvessa (D:4)
  A centaur (D:11)
  Dowan (D:4)
  An orc priest (D:11)
  2 gnolls (D:3)
  5 orcs (D:4)
13 creatures vanquished.

Vanquished Creatures (others)
  A howler monkey (D:7)
  An orc wizard (D:9)
  An orc zombie (D:8)
3 creatures vanquished.

Grand Total: 295 creatures vanquished

Notes
Turn   | Place    | Note
-------+----------+-------------------------------------------
     0 | D:1      | Xavori the Djinni Chaos Knight began the quest for the Orb.
     0 | D:1      | Reached XP level 1. HP: 20/20 MP: 0/0
   119 | D:1      | XOM: divination: detect creatures
   145 | D:1      | XOM: divination: magic mapping
   319 | D:1      | Reached XP level 2. HP: 25/25 MP: 0/0
   461 | D:1      | a dart slug changed into a shapeshifter
   461 | D:1      | Noticed a shapeshifter (shapeshifter)
   461 | D:1      | XOM: polymorph dart slug -> shapeshifter
   461 | D:1      | a shapeshifter changed into a quokka
   561 | D:1      | XOM: scenery: create altars
   583 | D:1      | XOM: 1-stop teleportation journey
   842 | D:2      | XOM: noise
   926 | D:1      | XOM: give mutations
   926 | D:1      | Gained mutation: You have hidden genetic potential. [Xom's
                  | grace]
   926 | D:1      | Gained mutation: You are strong-willed. (Will+) [Xom's
                  | grace]
   926 | D:1      | Gained mutation: You are resistant to electric shocks.
                  | (rElec) [Xom's grace]
   926 | D:1      | Gained mutation: You are highly strong-willed. (Will++)
                  | [Xom's grace]
  2122 | D:1      | XOM: god gift: broad axe {god gift}
  2813 | D:1      | XOM: god gift: scroll labelled TUTUSU ATAFOA {god gift}
  3247 | D:1      | XOM: give mutations
  3247 | D:1      | Gained mutation: Your muscles are strong. (Str +4, Int/Dex
                  | -1) [Xom's grace]
  3247 | D:1      | Gained mutation: Your muscles are very strong. (Str +8,
                  | Int/Dex -2) [Xom's grace]
  3247 | D:1      | Gained mutation: You are robust. (+10% HP) [Xom's grace]
  3614 | D:1      | XOM: give mutations
  3614 | D:1      | Gained mutation: You have a pair of small antennae on your
                  | head. [Xom's grace]
  3614 | D:1      | Gained mutation: You are partially covered in iridescent
                  | scales. (AC +2) [Xom's grace]
  3739 | D:2      | Reached skill level 1 in Spellcasting
  3739 | D:2      | Reached skill level 1 in Conjurations
  3739 | D:2      | Reached skill level 1 in Hexes
  3739 | D:2      | Reached skill level 1 in Summonings
  3739 | D:2      | Reached skill level 1 in Necromancy
  3739 | D:2      | Reached skill level 1 in Translocations
  3739 | D:2      | Reached skill level 1 in Fire Magic
  3739 | D:2      | Reached skill level 1 in Ice Magic
  3739 | D:2      | Reached skill level 1 in Air Magic
  3739 | D:2      | Reached skill level 1 in Earth Magic
  3739 | D:2      | Reached skill level 1 in Alchemy
  3739 | D:2      | Reached XP level 3. HP: 33/33 MP: 0/0
  3739 | D:2      | Learned a level 1 spell: Apportation
  3789 | D:2      | Gained mutation: You possess an exceptional clarity of
                  | mind. [hidden potential]
  4087 | D:2      | XOM: enchant monster (good)
  4092 | D:2      | Reached XP level 4. HP: 36/38 MP: 0/0
  4321 | D:2      | Gained mutation: You are extremely strong-willed. (Will+++)
                  | [hidden potential]
  4321 | D:2      | Lost mutation: You have hidden genetic potential. [hidden
                  | potential expressed]
  4363 | D:2      | XOM: 9-stop teleportation journey
  4680 | D:3      | XOM: noise
  4703 | D:2      | XOM: divination: detect items
  4801 | D:2      | Reached XP level 5. HP: 27/44 MP: 0/0
  4801 | D:2      | Learned a level 2 spell: Lesser Beckoning
  4902 | D:3      | Reached skill level 3 in Dodging
  4994 | D:3      | Found a faded altar of an unknown god.
  5064 | D:3      | Found an opulent altar of Gozag.
  5106 | D:3      | XOM: polymorph jackal -> killer bee
  5118 | D:3      | Reached XP level 6. HP: 41/51 MP: 0/0
  5187 | D:3      | Noticed Ijyb
  5200 | D:3      | Killed Ijyb
  5329 | D:3      | Noticed an ogre
  5329 | D:3      | XOM: polymorph goblin -> kobold
  5340 | D:3      | Killed an ogre
  5602 | D:4      | XOM: polymorph scorpion -> jackal
  5679 | D:4      | Reached XP level 7. HP: 57/57 MP: 0/0
  5679 | D:4      | Learned a level 3 spell: Swiftness
  5787 | D:3      | XOM: noise
  5791 | D:4      | XOM: 1-stop teleportation journey
  5809 | D:4      | XOM: smoke on damage
  6040 | D:4      | Noticed Duvessa
  6041 | D:4      | XOM: summons friendly crimson imp
  6041 | D:4      | Noticed Dowan
  6053 | D:4      | XOM: cast spell 'Summon Mana Viper'
  6057 | D:4      | Killed Dowan
  6064 | D:4      | Killed Duvessa
  6065 | D:4      | Reached skill level 4 in Dodging
  6211 | D:4      | Found Oreim's Distillery.
  6222 | D:4      | Bought a potion of curing for 42 gold pieces
  6222 | D:4      | Bought a potion of heal wounds for 70 gold pieces
  6282 | D:4      | Reached XP level 8. HP: 63/63 MP: 0/0
  6453 | D:5      | Entered Level 5 of the Dungeon
  6466 | D:5      | XOM: noise
  6521 | D:5      | XOM: cloud trail
  6597 | D:5      | Found a staircase to the Ecumenical Temple.
  7234 | D:5      | XOM: god gift: scale mail {god gift}
  7488 | D:5      | XOM: snakes to sticks
  7526 | D:5      | Reached skill level 5 in Fighting
  7575 | D:5      | XOM: god gift: 8 stones
  7691 | D:5      | XOM: give mutation
  7691 | D:5      | Lost mutation: Your muscles are very strong. (Str +8,
                  | Int/Dex -2) [Xom's mischief]
  7817 | D:6      | XOM: polymorph hound -> boggart
  7845 | D:6      | XOM: blink monster(s)
  7853 | D:6      | Reached skill level 5 in Dodging
  7853 | D:6      | Reached XP level 9. HP: 37/71 MP: 0/0
  7853 | D:6      | Learned a level 4 spell: Petrify
  7953 | D:6      | XOM: 3-stop teleportation journey
  7958 | D:6      | XOM: polymorph bombardier beetle -> dart slug
  7980 | D:6      | an ogre changed into a raiju
  7980 | D:6      | Noticed a raiju
  7986 | D:6      | Killed a raiju
  8058 | D:5      | XOM: give mutations
  8058 | D:5      | Gained mutation: Your spells are a little easier to cast,
                  | but a little less powerful. [Xom's mischief]
  8058 | D:5      | Lost mutation: Your spells are a little easier to cast, but
                  | a little less powerful. [Xom's mischief]
  8317 | D:6      | a black bear changed into a black mamba
  8317 | D:6      | Noticed a black mamba
  8318 | D:6      | Killed a black mamba
  8319 | D:6      | Reached skill level 5 in Long Blades
  8319 | D:6      | Reached skill level 5 in Spellcasting
  8319 | D:6      | Reached skill level 5 in Conjurations
  8319 | D:6      | Reached skill level 5 in Hexes
  8319 | D:6      | Reached skill level 5 in Summonings
  8319 | D:6      | Reached skill level 5 in Necromancy
  8319 | D:6      | Reached skill level 5 in Translocations
  8319 | D:6      | Reached skill level 5 in Fire Magic
  8319 | D:6      | Reached skill level 5 in Ice Magic
  8319 | D:6      | Reached skill level 5 in Air Magic
  8319 | D:6      | Reached skill level 5 in Earth Magic
  8319 | D:6      | Reached skill level 5 in Alchemy
  8511 | D:6      | XOM: torment (37/71 hp)
  8668 | D:7      | XOM: stealth player
  8839 | D:7      | Reached skill level 5 in Armour
  8840 | D:7      | XOM: potion effect (heal wounds)
  8842 | D:7      | XOM: summons 3 hostile demons
  8844 | D:7      | XOM: enchant monster (bad)
  8853 | D:7      | Noticed a hornet
  8859 | D:7      | XOM: smoke on damage
  8875 | D:7      | XOM: scenery: create altars
  8876 | D:7      | XOM: summons friendly shadow imp
  8889 | D:7      | XOM: summons friendly shadow imp
  8911 | D:7      | Found a white marble altar of Elyvilon.
  8929 | D:6      | XOM: enchant monster (good)
  8933 | D:6      | XOM: confuse monster(s)
  8937 | D:6      | Killed a hornet
  8938 | D:6      | Reached skill level 6 in Dodging
  8938 | D:6      | Reached XP level 10. HP: 32/79 MP: 0/0
  9086 | D:6      | XOM: scenery: create altars
  9773 | D:8      | Identified the +0 ring mail "Cainex" {Regen+ Str-4 Slay+3}
  9786 | D:8      | XOM: confuse monster(s)
 10151 | D:8      | XOM: god gift: fuming coppery potion {god gift}
 10170 | D:8      | Found Coukhag's Changing Room.
 10208 | D:8      | Bought a potion of mutation for 96 gold pieces
 10484 | D:8      | Noticed Prince Ribbit
 10493 | D:8      | XOM: scenery: summon butterflies
 10504 | D:8      | Prince Ribbit changed into Prince Ribbit the shapeshifter
 10504 | D:8      | Noticed Prince Ribbit (shapeshifter)
 10504 | D:8      | XOM: polymorph Prince Ribbit -> Prince Ribbit the
                  | shapeshifter
 10504 | D:8      | Prince Ribbit the shapeshifter changed into Prince Ribbit
                  | the ogre
 10504 | D:8      | Noticed Prince Ribbit (shapeshifter)
 10509 | D:8      | Killed Prince Ribbit the ogre
 10516 | D:8      | XOM: give mutation
 10516 | D:8      | Gained mutation: You are mostly covered in iridescent
                  | scales. (AC +4) [Xom's mischief]
 10566 | D:8      | XOM: give mutations
 10566 | D:8      | Lost mutation: You have a pair of small antennae on your
                  | head. [Xom's mischief]
 10566 | D:8      | Lost mutation: You possess an exceptional clarity of mind.
                  | [Xom's mischief]
 10566 | D:8      | Gained mutation: Your muscles are very strong. (Str +8,
                  | Int/Dex -2) [Xom's mischief]
 10670 | D:8      | Found an ornate altar of the Wu Jian Council.
 11175 | D:9      | XOM: confuse monster(s)
 11201 | D:9      | XOM: god gift: 2 atropa-tipped darts
 11241 | D:9      | XOM: god gift: stone
 11314 | D:9      | XOM: enchant monster (bad)
 11331 | D:9      | XOM: enchant monster (bad)
 11492 | D:9      | XOM: swap monsters
 11493 | D:9      | Noticed a two-headed ogre
 11500 | D:9      | Reached skill level 7 in Dodging
 11541 | D:8      | XOM: confuse monster(s)
 11555 | D:8      | Killed a two-headed ogre
 11556 | D:8      | Reached skill level 1 in Shields
 11580 | D:9      | XOM: confuse monster(s)
 11586 | D:9      | Reached XP level 11. HP: 80/85 MP: 0/0
 11586 | D:9      | Learned a level 4 spell: Animate Dead
 11701 | D:9      | XOM: summons friendly crimson imp
 11704 | D:9      | XOM: enchant monster (good)
 11706 | D:9      | XOM: enchant monster (bad)
 11721 | D:9      | XOM: divination: detect items
 11746 | D:9      | XOM: chaos cloud
 11761 | D:9      | XOM: blink monster(s)
 11825 | D:9      | Noticed a two-headed ogre
 11827 | D:9      | XOM: enchant monster (bad)
 11838 | D:9      | XOM: butterfly on damage
 11856 | D:9      | XOM: stat loss: -1 Int (11/12)
 11870 | D:9      | Killed a two-headed ogre
 11884 | D:9      | XOM: 4-stop teleportation journey
 12123 | D:10     | Entered Level 10 of the Dungeon
 12143 | D:10     | XOM: 1-stop teleportation journey
 12160 | D:10     | XOM: potion effect (invisibility)
 12179 | D:10     | XOM: potion effect (invisibility)
 12575 | D:10     | Reached skill level 1 in Evocations
 12624 | D:10     | Noticed an obsidian statue
 12775 | D:10     | XOM: noise
 12793 | D:10     | Noticed a sun demon
 12810 | D:10     | a sun demon changed into a soul eater
 12810 | D:10     | Noticed a soul eater
 12810 | D:10     | XOM: polymorph sun demon -> soul eater
 12812 | D:10     | XOM: summons friendly crimson imp
 12862 | D:10     | Noticed a sixfirhy
 12866 | D:10     | XOM: summons friendly ufetubus
 12877 | D:10     | XOM: give mutations
 12877 | D:10     | Lost mutation: You are resistant to electric shocks.
                  | (rElec) [Xom's mischief]
 12877 | D:10     | Lost mutation: Your muscles are very strong. (Str +8,
                  | Int/Dex -2) [Xom's mischief]
 12879 | D:10     | XOM: fog
 12967 | D:10     | XOM: potion effect (brilliance)
 12969 | D:10     | XOM: enchant monster (good)
 12984 | D:10     | XOM: fog
 13093 | D:11     | Noticed Erolcha
 13101 | D:11     | Killed Erolcha
 13128 | D:11     | XOM: cleaving
 13168 | D:11     | Noticed a centaur warrior
 13173 | D:11     | Killed a centaur warrior
 13174 | D:11     | Reached skill level 8 in Dodging
 13186 | D:11     | Found a flickering gateway to a bazaar.
 13195 | Bazaar   | Entered a bazaar
 13219 | Bazaar   | Found Goigug's General Store.
 13235 | Bazaar   | Found Vium's Magic Scroll Shoppe.
 13251 | Bazaar   | Found Izuanaorr's Book Shoppe.
 13343 | Bazaar   | Bought a scroll of teleportation for 42 gold pieces
 13343 | Bazaar   | Bought a scroll of noise for 14 gold pieces
 13363 | Bazaar   | Bought a potion of haste for 90 gold pieces
 13363 | Bazaar   | Bought a potion of cancellation for 72 gold pieces
 13369 | Bazaar   | XOM: god gift: 595 gold pieces
 13380 | Bazaar   | Bought a scroll of acquirement for 728 gold pieces
 13380 | Bazaar   | Acquired the amulet "Hatufewk" {rC+ Regen+}
 13466 | D:11     | XOM: stat loss: -1 Int (12/13)
 13568 | D:11     | Reached XP level 12. HP: 85/94 MP: 0/0
 13670 | D:11     | Found a transporter.
 13672 | D:11     | Found a transporter.
 13672 | D:11     | Noticed grandjackal's ghost (journeyman DsGl)
 13739 | D:11     | Noticed a two-headed ogre
 13745 | D:11     | XOM: swap monsters
 13748 | D:11     | Killed a two-headed ogre
 13798 | D:11     | XOM: summons 2 friendly demons
 13838 | D:11     | XOM: blink monster(s)
 13881 | D:11     | Found a staircase to the Lair.
 14024 | D:11     | Found a staircase to the Orcish Mines.
 14146 | D:11     | XOM: blink monster(s)
 14151 | D:11     | XOM: potion effect (heal wounds)
 14152 | D:11     | XOM: summons 5 friendly demons
 14168 | D:11     | Killed grandjackal's ghost
 14182 | D:11     | XOM: swap monsters
 14243 | Lair:1   | Entered Level 1 of the Lair of Beasts
 14252 | Lair:1   | XOM: give mutations
 14252 | Lair:1   | Lost mutation: You are robust. (+10% HP) [Xom's mischief]
 14252 | Lair:1   | Gained mutation: You are frail. (-10% HP) [Xom's mischief]
 14252 | Lair:1   | Lost mutation: You are extremely strong-willed. (Will+++)
                  | [Xom's mischief]
 14280 | Lair:1   | XOM: repel stairs
 14283 | Lair:1   | XOM: confusion
 14290 | Lair:1   | XOM: enchant monster (good)
 14403 | Lair:1   | XOM: butterfly on damage
 14415 | Lair:1   | XOM: noise
 14419 | Lair:1   | XOM: confuse monster(s)
 14424 | Lair:1   | XOM: smoke on damage
 14437 | Lair:1   | Reached skill level 9 in Dodging
 14437 | Lair:1   | Reached skill level 5 in Shields
 14437 | Lair:1   | Slain by a komodo dragon

Illustrated notes

Levels and vault maps discovered:
D:1:      dpeg_arrival_signposts, layout_loops_ring, st_stairs_2
D:2:      layout_loops_corners
D:3:      layout_rooms, amcnicky_altar_gilded, ebering_ecumenical_altar_rust,
          minmay_ogre_servants, uniq_crazy_yiuf_cottage, uniq_ijyb
D:4:      layout_basic, serial_shops, nicolae_shop_industrial_runoff,
          minmay_misc_feat_iff, uniq_duvessa
D:5:      minmay_chambers_of_threes, layout_basic, temple_statues,
          kennysheep_doodads, minmay_misc_feat_room, kennysheep_generic_room_2
D:6:      layout_rooms, grunt_decor_fettered
D:7:      layout_loops_ring, mainiacjoe_overflow_concentric_impassable
D:8:      layout_loops_corners, marbit_many_paths, nicolae_transmutations_shop,
          uniq_prince_ribbit1
D:9:      layout_loops_ring, hangedman_minor_gate_pass
D:10:     minmay_separated_statues, layout_basic
D:11:     layout_roguey, hellmonk_lair_entry_icy, serial_shops, bzr_firewalk,
          gammafunk_ghost_arena, uniq_erolcha
Lair:1:   layout_misc_corridors, kennysheep_rathole, lemuel_fruit_tree

Skill      XL: |  1  2  3  4  5  6  7  8  9 10 11 12 |
---------------+-------------------------------------+-----
Spellcasting   | 1 2 3 4 5 7 8 |  8.7
Conjurations   | 1 2 3 4 5 7 8 |  8.7
Hexes          | 1 2 3 4 5 7 8 |  8.7
Summonings     | 1 2 3 4 5 7 8 |  8.7
Necromancy     | 1 2 3 4 5 7 8 |  8.7
Translocations | 1 2 3 4 5 7 8 |  8.7
Fire Magic     | 1 2 3 4 5 7 8 |  8.7
Ice Magic      | 1 2 3 4 5 7 8 |  8.7
Air Magic      | 1 2 3 4 5 7 8 |  8.7
Earth Magic    | 1 2 3 4 5 7 8 |  8.7
Alchemy        | 1 2 3 4 5 7 8 |  8.7
Long Blades    | 3 4 5 6 7 |  7.8
Armour         | 2 3 4 5 6 7 8 |  8.0
Dodging        | 3 4 5 6 7 8 9 |  9.0
Fighting       | 4 5 6 7 8 |  8.5
Shields        | 1 3 5 |  5.0
Evocations     | 2 3 |  3.9

Action                     |  1- 3 |  4- 6 |  7- 9 | 10-12 || total
---------------------------+-------+-------+-------+-------++-------
  Melee: Falchion          |   107 |   162 |   436 |    51 ||   756
         Punch             |     1 |     1 |     5 |     1 ||     8
         Long sword        |       |       |       |   608 ||   608
         Great sword       |       |       |       |     6 ||     6
         Scimitar          |       |       |       |    61 ||    61
   Cast: Petrify           |       |       |     5 |     6 ||    11
         Swiftness         |       |       |       |     1 ||     1
  Evoke: Wand              |       |       |       |     1 ||     1
         Condenser vane    |       |       |       |     1 ||     1
    Use: Scroll            |     1 |     4 |       |     5 ||    10
         Potion            |       |       |     1 |     2 ||     3
   Stab: Sleeping          |     1 |     1 |     1 |       ||     3
         Petrified         |       |     3 |     2 |    19 ||    24
         Confused          |       |       |     3 |    10 ||    13
         Invisible         |       |       |       |     5 ||     5
         Distracted        |       |       |       |     1 ||     1
 Armour: Leather armour    |    72 |   123 |   300 |       ||   495
         Steam dragon scal |       |       |    54 |    22 ||    76
         Ring mail         |       |       |       |   484 ||   484
  Dodge: Dodged            |    78 |   133 |   446 |   495 ||  1152
  Block: Buckler           |       |       |       |   148 ||   148

Table legend: (Time is in decaauts)
 A = Elapsed time spent in this place.
 B = Non-inter-level travel time spent in this place.
 C = Inter-level travel time spent in this place.
 D = Time resting spent in this place.
 E = Time spent auto-exploring this place.
 F = Levels seen in this place.
 G = Mean time per level.
                   A        B        C        D        E       F      G
               +--------+--------+--------+--------+--------+-----+--------+
         Total |  14591 |  14158 |    433 |   4273 |   6737 |  13 | 1122.4 |
       Dungeon |  14160 |  13728 |    432 |   4270 |   6570 |  11 | 1287.3 |
          Lair |    198 |    198 |      0 |      3 |     87 |   1 |  198.0 |
        Bazaar |    233 |    233 |      0 |      0 |     80 |   1 |  233.0 |
               +--------+--------+--------+--------+--------+-----+--------+

Top non-repeatable levels by time:
     D:1: 3632 daAuts
     D:5: 1417 daAuts
     D:8: 1305 daAuts
     D:2: 1236 daAuts
     D:9: 1099 daAuts
     D:6: 1076 daAuts
     D:3: 1026 daAuts
    D:10: 973 daAuts
    D:11: 946 daAuts
     D:7: 831 daAuts
     D:4: 613 daAuts
  Bazaar: 233 daAuts
  Lair:1: 198 daAuts
